 Dungeon Crawl Stone Soup version 0.21.1-1-g345015f (webtiles) character file.

25 Monsterracer the Scratcher (level 2, 0/12 HPs)
             Began as a Felid Transmuter on Feb 10, 2018.
             Slain by a jackal (3 damage)
             ... on level 1 of the Dungeon.
             The game lasted 00:01:08 (1029 turns).

Monsterracer the Scratcher (Felid Transmuter)       Turns: 1029, Time: 00:01:09

Health: 0/12       AC:  1    Str:  6    XL:     2   Next: 82%
Magic:  4/6        EV: 18    Int: 14    God:
Gold:   51         SH:  0    Dex: 16    Spells: 2/5 levels left
                                        Lives:  0   Deaths: 0

rFire    . . .     SeeInvis +     - Unarmed
rCold    . . .     Gourm    .   (shield unavailable)
rNeg     . . .     Faith    .   (armour unavailable)
rPois    .         Spirit   .   (helmet unavailable)
rElec    .         Reflect  .   (cloak unavailable)
rCorr    .         Harm     .   (gloves unavailable)
MR       .....                  (boots unavailable)
Stlth    ++........             (no amulet)
HPRegen  0.04/turn              (no ring)
MPRegen  0.10/turn              (no ring)

@: quick
A: very small, no armour, no weapons or thrown items, stealth, claws 1, fangs 3,
see invisible, carnivore, speed 1, shaggy fur 1, slow metabolism 1, sharp paws
a: no special abilities


You were on level 1 of the Dungeon.
You were completely stuffed.

You visited 1 branch of the dungeon, and saw 2 of its levels.

You collected 51 gold pieces.

Inventory:

Missiles
 a - 18 arrows
Scrolls
 e - a scroll of amnesia {unknown}
 k - a scroll of teleportation {unknown}
Potions
 d - a potion of curing {unknown}
 f - a potion of flight {unknown}
 g - 2 potions of cancellation {unknown}
 h - a potion of berserk rage {unknown}
 i - 2 potions of lignification {unknown}
Books
 b - a book of Changes

   Spells                             Type                      Level
   a - Beastly Appendage              Transmutation                1
   b - Sticks to Snakes               Transmutation                2
   c - Spider Form                    Transmutation/Poison         3
   d - Ice Form                       Ice/Transmutation            4
   e - Blade Hands                    Transmutation                5
Comestibles
 c - 5 rations
 j - 3 chunks of flesh


   Skills:
 - Level 1.0 Fighting
 - Level 2.6 Dodging
 * Level 3.8 Unarmed Combat
 - Level 2.0 Spellcasting
 + Level 2.8 Transmutations


You had 2 spell levels left.
You knew the following spells:

 Your Spells              Type           Power        Failure   Level  Hunger
a - Beastly Appendage     Tmut           #.....       8%          1    ##.....
b - Sticks to Snakes      Tmut           #.......     11%         2    ###....


Dungeon Overview and Level Annotations

Branches:
Dungeon (2/15)

Altars:


Innate Abilities, Weirdness & Mutations

You cannot wear armour.
You are incapable of wielding weapons or throwing items.
Your paws allow you to move quietly. (Stealth)
You have sharp claws.
You have razor-sharp teeth.
You have supernaturally acute eyesight. (SInv)
You are carnivorous and can eat meat at any time.
You cover ground quickly.
You are covered in fur. (AC +1)
You have a slow metabolism.
Your sharp claws are effective at attacking unaware monsters.


Message History

Key pressed, stopping travel.
You can't go down here!
(D) Dungeon
Where to? (Enter - D:1 @ (x,y), ? - help)
There is an open door here.
There is an open door here.
There is a stone staircase leading down here.
You climb downwards.
There is a stone staircase leading up here.
Found a dagger.
You see here a dagger.
A dart slug comes into view.
Found an escape hatch in the ceiling.
A dart slug is nearby!
Casting: Beastly Appendage
Confirm with . or Enter, or press ? or * to list all spells.
You miscast Beastly Appendage.
You are very lightly contaminated with residual magic.
Nothing appears to happen.
You now have 5/6 mp.
A jackal comes into view.
Found a scroll labeled SAPNONGUKH.
The jackal barks!
You hear a bark! x2
The dart slug closely misses you.
A jackal comes into view.
You scratch the dart slug.
You bite the dart slug, but do no damage.
The dart slug is heavily wounded.
The dart slug launches a dart at you. The slug dart misses you.
Casting: Beastly Appendage
Confirm with . or Enter, or press ? or * to list all spells.
You grow a pair of large bovine horns.
You now have 4/6 mp.
You scratch the dart slug but do no damage.
You headbutt the dart slug.
The dart slug is almost dead.
The dart slug closely misses you.
A jackal comes into view.
The jackal barks!
You scratch the dart slug but do no damage.
You kill the dart slug!
The jackal completely misses you. The jackal closely misses you.
A jackal comes into view.
You barely miss the jackal.
You kill the jackal!
A jackal comes into view.
You closely miss the jackal.
The jackal barks!
You headbutt the jackal, but do no damage.
Your claw misses the jackal. Your bite misses the jackal.
The jackal misses you. The jackal completely misses you.
An adder comes into view.
The adder hisses angrily.
You scratch the jackal.
The jackal is severely wounded.
The jackal misses you.
Your transformation is almost over.
The jackal closely misses you.
You barely miss the jackal.
The jackal is severely wounded.
The jackal bites you but does no damage.
You closely miss the jackal.
The jackal is severely wounded.
The jackal completely misses you. The jackal bites you.
You take 1 damage, and have 11/12 hp.
You barely miss the jackal. Your headbutt misses the jackal.
The jackal is severely wounded.
The jackal misses you.
You closely miss the jackal.
The jackal is severely wounded.
The jackal misses you.
You scratch the jackal.
You kill the jackal!
You barely miss the jackal. The jackal bites you. x2
You take 4 damage, and have 7/12 hp.
MASSIVE DAMAGE!!
MP restored: 6 You scratch the jackal but do no damage.
The jackal bites you.
* * * LOW HITPOINT WARNING * * *
Your magical contamination has completely faded away.
You take 1 damage, and have 6/12 hp.
Your horns disappear.
The jackal closely misses you.
There is a stone staircase leading up here.
The jackal bites you.
* * * LOW HITPOINT WARNING * * *
The jackal misses you.
You climb upwards.
There is a stone staircase leading down here.
You take 3 damage, and have 3/12 hp.
MASSIVE DAMAGE!!
Unknown command.
Unknown command.
Casting: Beastly Appendage
Confirm with . or Enter, or press ? or * to list all spells.
You create a snake!
You now have 18 arrows.
The jackal misses you. The jackal barely misses you.
You now have 4/6 mp.
You swap places.
The jackal bites your ball python. The jackal bites you.
You die...

.................................
..................#..#...........
................#.##.#...........
................#.##.#........#'#
................#.##.#........#.#
..#######+#####.#.##+#........#.#
..........# #.#......######.#.#
..........#####h##....#######.#.#
..............hS@'............#.#
............(#####.....######...#
..........[..# ###'#..........#
.............# #.#########..#
....###......# #.# ##.# #...#
#......# #.####### #.. #...#
######## #.......# ##. #...#
#.......#####† #...#
#...........#.


You could see 2 jackals and a friendly ball python.

Vanquished Creatures
  2 dart slugs
  A leopard gecko (D:1)
  2 giant cockroaches (D:1)
  A goblin (D:1)
  3 hobgoblins (D:1)
  2 jackals (D:2)
  2 kobolds (D:1)
  2 bats (D:1)
  2 frilled lizards (D:1)
  2 rats (D:1)
19 creatures vanquished.

Notes
Turn   | Place    | Note
-------+----------+-------------------------------------------
     0 | D:1      | Monsterracer the Felid Transmuter began the quest for the Orb.
     0 | D:1      | Reached XP level 1. HP: 9/9 MP: 4/4
   139 | D:1      | Reached XP level 2. HP: 10/12 MP: 4/6
   207 | D:1      | Learned a level 2 spell: Sticks to Snakes
   260 | D:1      | HP: 6/12 [kobold/short sword (3)]
  1019 | D:2      | HP: 6/12 [jackal (2)]
  1026 | D:2      | HP: 3/12 [jackal (3)]
  1029 | D:1      | Slain by a jackal

Action                   || total
-------------------------++-------
Melee: Unarmed           ||    50
       Headbutt          ||     9
       Bite              ||     4
 Cast: Beastly Appendage ||    11
       Sticks to Snakes  ||     1
 Stab: Sleeping          ||     2
  Eat: Chunk             ||     8
Armor: Skin              ||     3
Dodge: Dodged            ||    47

Vault maps used:
D:1:      dpeg_arrival_round_c
D:2:      nicolae_ru_the_path_less_chosen, uniq_robin
